 Dungeon Crawl Stone Soup version 0.30-a0-335-ge5acde7520 (webtiles) character file.

Game seed: 15336026860520370958

25 sanka the Magician (level 3, 0/25 HPs)
             Began as a Djinni Summoner on Oct 30, 2022.
             Slain by a worm (6 damage)
             ... on level 2 of the Dungeon.
             The game lasted 00:02:11 (882 turns).

sanka the Magician (Djinni Summoner)                 Turns: 882, Time: 00:02:11

Health: 0/25       AC:  3    Str:  7    XL:     3   Next: 20%
Gold:   62         EV: 12    Int: 18    God:
                   SH:  0    Dex: 13

rFire   + + .      SeeInvis .    c - +0 rapier
rCold   x . .      Faith    +    (no shield)
rNeg    . . .      Spirit   .    a - +0 robe
rPois   ∞          Reflect  .    (no helmet)
rElec   .          Harm     .    f - +0 cloak
rCorr   .          Rampage  .    (no gloves)
Will    .....                    (boots unavailable)
Stlth   ++........               h - amulet of faith
HPRegen 0.24/turn                (no ring)
MPRegen 0.00/turn                (no ring)

@: flying
A: sickness immunity, fire resistance 2, cold vulnerability 1, float, innate
caster, HP casting, extra vitality 1
a: no special abilities


You were on level 2 of the Dungeon.
You visited 1 branch of the dungeon, and saw 2 of its levels.

You collected 62 gold pieces.


Innate Abilities, Weirdness & Mutations

You are immune to sickness and miasma.
You are immune to poison.
Your flesh is very heat resistant. (rF++)
You are vulnerable to cold. (rC-)
You float through the air rather than walking.
You learn spells naturally, not from books.
Your magical power is your life essence.
You have superior vitality. (+4 MHP)


   Skills:
 - Level 2.1 Dodging
 - Level 1.5 Stealth
 + Level 3.9 Spellcasting


You couldn't memorise any spells.
You knew the following spells:

 Your Spells              Type           Power      Damage    Failure   Level
c - Call Canine Familiar  Summ           17%        N/A       9%          3
x - Call Imp              Summ           17%        N/A       4%          2
y - Kiss of Death         Conj/Necr      68%        2d10      3%          1
z - Summon Small Mammal   Summ           68%        N/A       3%          1
X - Summon Lightning Spi  Summ/Air       17%        N/A       28%         4
Z - Summon Guardian Gole  Hex/Summ       17%        N/A       9%          3
Your spell library was empty.

Inventory:

Hand Weapons
 c - a +0 rapier (weapon)
Armour
 a - a +0 robe (worn)
 d - a +0 pair of gloves
 f - a +0 cloak (worn)
Magical Staves
 e - a staff of air
Jewellery
 h - an amulet of faith (around neck)
Scrolls
 g - a scroll of teleportation {unknown}
Potions
 b - a potion of mutation {unknown}

Dungeon Overview and Level Annotations

Branches:
Dungeon (2/15)

Altars:

Shops:
D:1

[ .▒ .▒▒ ▒▒.
..▒ ▒(. ...▒
▒.▒▒...▒▒ ▒
▒........
▒.▒▒▒........
▒▒▒.....5.....£
▒....bRw.......
▒.....g£...▒▒▒▒
▒.....b....▒
▒..........▒
▒..........▒
▒▒▒▒▒▒...▒.▒
▒▒.▒▒.▒ ▒.▒ .▒


You could see a worm (ally target), a goblin (ally target), a friendly crimson
imp (summoned) and 2 friendly bats.


Message History

Unknown command.
Found 7 gold pieces.
You completely miss the worm. The worm bites you.
A beastly little devil appears in a puff of flame.
Your crimson imp hits the worm.
There is a stone staircase leading up here.
The worm bites you.
Your crimson imp hits the worm.
Your bat misses the goblin. The goblin hits you with a +0 dagger.
Your crimson imp barely misses the worm.
You hit the worm but do no damage.
The worm is moderately wounded.
Your bat hits the worm but does no damage.
Your bat closely misses the goblin.
Your bat barely misses the goblin.
The goblin hits you but does no damage. The worm bites you!
* * * LOW HITPOINT WARNING * * *
Your crimson imp hits the worm.
You barely miss the worm.
The worm is moderately wounded.
Your bat barely misses the worm.
Your bat hits the worm but does no damage.
Your bat barely misses the goblin.
The goblin misses you.
Your crimson imp hits the worm.
The worm bites you.
You die...

Action                   || total
-------------------------++-------
Melee: Unarmed           ||    10
       Rapier            ||    40
       Punch             ||     1
 Cast: Summon Small Mamm ||    22
       Call Imp          ||     2
Armor: Robe              ||    13
Dodge: Dodged            ||    39

Levels and vault maps discovered:
D:1:      dpeg_arrival_windows_large_door, layout_loops_ring, serial_shops,
          nicolae_lakefront_shop, basic_ecumenical_altar
D:2:      layout_loops_ring, dreamdust_princess_bridge,
          chequers_serial_rivers_small_b, uniq_terence, uniq_crazy_yiuf_cottage

Notes
Turn   | Place    | Note
-------+----------+-------------------------------------------
     0 | D:1      | sanka the Djinni Summoner began the quest for the Orb.
     0 | D:1      | sanka set off with the following spells memorised: Summon
                  | Small Mammal, Call Imp, Call Canine Familiar, Summon
                  | Guardian Golem, Summon Lightning Spire.
     0 | D:1      | Reached XP level 1. HP: 15/15 MP: 0/0
     2 | D:1      | Found a faded altar of an unknown god.
   275 | D:1      | Reached XP level 2. HP: 20/21 MP: 0/0
   587 | D:1      | Reached XP level 3. HP: 18/25 MP: 0/0
   587 | D:1      | Learned a level 1 spell: Kiss of Death
   647 | D:1      | Found Utwaomnytoi's Armour Emporium.
   882 | D:2      | Slain by a worm

Vanquished Creatures
  A dart slug (D:1)
  An endoplasm (D:1)
  A giant cockroach (D:1)
  2 goblins (D:1)
  2 hobgoblins (D:1)
  3 ball pythons (D:1)
  3 kobolds (D:1)
13 creatures vanquished.

Vanquished Creatures (collateral kills)
  A bat (D:1)
  An endoplasm (D:1)
  2 hobgoblins (D:1)
  A quokka (D:1)
  A ball python (D:1)
  2 frilled lizards (D:1)
  2 rats (D:1)
10 creatures vanquished.

Grand Total: 23 creatures vanquished
